 Dungeon Crawl Stone Soup version 0.27-a0-1184-ge86db4a01e (webtiles) character file.

Game seed: 4940807870786416502

5031 robertstho the Thaumaturge (level 10, -8/67 HPs)
             Began as a Djinni Fire Elementalist on May 18, 2021.
             Was a Believer of Elyvilon.
             Killed from afar by Maurice (11 damage)
             ... with an iceblast
             ... on level 8 of the Dungeon.
             The game lasted 00:16:10 (7830 turns).

robertstho the Thaumaturge (DjFE)                   Turns: 7830, Time: 00:16:10

Health: -8/67      AC:  4    Str: 13    XL:     10   Next: 85%
Gold:   462        EV: 14    Int: 19    God:    Elyvilon [**....] SH:  0 Dex: 15

rFire    + + .     SeeInvis .   A - +3 quarterstaff (spect)
rCold    . . .     Faith    .   (shield currently unavailable)
rNeg     . . .     Spirit   .   d - +1 robe {rC+}
rPois    ∞         Reflect  .   (no helmet)
rElec    .         Harm     .   n - +0 cloak
rCorr    +         Rampage  .   (no gloves)
Will     +....                  (boots unavailable)
Stlth    +++.......             p - amulet of regeneration
HPRegen  1.21/turn              c - +6 ring of strength
MPRegen  0.00/turn              w - ring of resist corrosion

@: flying, very slightly contaminated
A: sickness immunity, fire resistance 2, cold vulnerability 1, float, innate
caster, hp casting, extra vitality 1
a: Renounce Religion, Lesser Healing, Heal Other, Divine Protection


You were on level 8 of the Dungeon.
You worshipped Elyvilon.
Elyvilon was pleased with you.
You visited 1 branch of the dungeon, and saw 8 of its levels.

You collected 462 gold pieces.

Inventory:

Hand Weapons
 k - a +2 dagger of venom
 A - a +3 spectral quarterstaff (weapon)
Armour
 d - a +1 robe of cold resistance (worn)
 n - a +0 cloak (worn)
Jewellery
 c - a +6 ring of strength (left hand)
 m - a ring of fire
 o - a +6 ring of strength
 p - an amulet of regeneration (around neck)
 w - a ring of resist corrosion (right hand)
Wands
 r - a wand of charming (6)
 s - a wand of iceblast (18)
 y - a wand of acid (11)
Scrolls
 e - 2 scrolls of immolation
 g - a scroll of summoning {unknown}
 h - 2 scrolls of enchant weapon {unknown}
 i - 4 scrolls of vulnerability {unknown}
 j - a scroll of magic mapping
 q - 2 scrolls of holy word {unknown}
 t - 2 scrolls of fog {unknown}
 u - 2 scrolls of noise {unknown}
 v - a scroll of teleportation
 z - a scroll of amnesia {unknown}
Potions
 a - a potion of attraction
 b - a potion of brilliance
 f - a potion of curing {unknown}
 l - a potion of flight {unknown}
 x - a potion of invisibility {unknown}


   Skills:
 + Level 3.4 Fighting
 + Level 1.5 Short Blades
 + Level 4.8 Dodging
 + Level 4.8 Stealth
 + Level 9.2 Spellcasting
 * Level 6.3 Invocations


You had one spell level left.
You knew the following spells:

 Your Spells              Type           Power      Damage    Failure   Level
a - Foxfire               Conj/Fire      100%       2x1d9     1%          1
b - Conjure Flame         Conj/Fire      44%        6-21      1%          3
c - Inner Flame           Hex/Fire       44%        N/A       1%          3
d - Sticky Flame          Conj/Fire      44%        2d6       1%          4
e - Fireball              Conj/Fire      22%        3d10      4%          5
f - Summon Small Mammal   Summ           100%       N/A       1%          1
g - Passwall              Tmut/Erth      36%        N/A       1%          2
h - Gell's Gravitas       Tloc           22%        N/A       1%          3
i - Olgreb's Toxic Radia  Pois           44%        N/A       1%          4
Your spell library was empty.

Dungeon Overview and Level Annotations

Branches:
Dungeon (8/15)             Temple (0/1) D:4
   Lair: D:8-11

Altars:
Ashenzari
Elyvilon
Kikubaaqudgha
Qazlal
Trog
Xom

Annotations:
D:6 4 runed translucent doors
D:8 Maurice


Innate Abilities, Weirdness & Mutations

You are immune to sickness and miasma.
You are immune to poison.
Your flesh is very heat resistant. (rF++)
You are vulnerable to cold. (rC-)
You float through the air rather than walking.
You learn spells naturally, not from books.
Your magical power is your life essence.
You have superior vitality. (+4 HP)


Message History

Aim: Maurice, wielding a +1 dagger of protection, wearing a +0 cloak and carrying a wand of iceblast (4) (moderately wounded)
The fireball explodes!
The fireball engulfs Maurice!
Maurice is heavily wounded.
Maurice zaps a wand.
The mass of ice explodes!
The iceblast engulfs you!
Casting: Fireball (dangerous; 4% risk of failure)
Confirm with . or Enter, or press ? or * to list all spells.
Aiming: Fireball (dangerous; 4% risk of failure)
Press: ? - help, Shift-Dir - straight line, f/p - Maurice
Aim: Maurice, wielding a +1 dagger of protection, wearing a +0 cloak and carrying a wand of iceblast (3) (heavily wounded)
The fireball explodes!
The fireball engulfs Maurice!
Maurice is severely wounded.
Maurice zaps a wand.
The mass of ice explodes!
The iceblast engulfs you!
Casting: Fireball (dangerous; 4% risk of failure)
Confirm with . or Enter, or press ? or * to list all spells.
Aiming: Fireball (dangerous; 4% risk of failure)
Press: ? - help, Shift-Dir - straight line, f/p - Maurice
Aim: Maurice, wielding a +1 dagger of protection, wearing a +0 cloak and carrying a wand of iceblast (2) (severely wounded)
The fireball explodes!
The fireball engulfs Maurice!
Maurice is almost dead.
Maurice zaps a wand.
The mass of ice explodes!
The iceblast engulfs you!
* * * LOW HITPOINT WARNING * * *
Casting: Fireball (dangerous; 4% risk of failure)
Confirm with . or Enter, or press ? or * to list all spells.
Aiming: Fireball (dangerous; 4% risk of failure)
Press: ? - help, Shift-Dir - straight line, f/p - Maurice
Aim: Maurice, wielding a +1 dagger of protection, wearing a +0 cloak and carrying a wand of iceblast (1) (almost dead)
You miscast Fireball.
You are very lightly contaminated with residual magic.
A wave of violent energy washes through your body!
* * * LOW HITPOINT WARNING * * *
x2
Casting: Fireball (dangerous; 4% risk of failure)
Confirm with . or Enter, or press ? or * to list all spells.
Aiming: Fireball (dangerous; 4% risk of failure)
Press: ? - help, Shift-Dir - straight line, f/p - Maurice
Aim: Maurice, wielding a +1 dagger of protection, wearing a +0 cloak and carrying a wand of iceblast (1) (almost dead)
The fireball explodes!
The fireball engulfs Maurice!
Maurice is almost dead.
* * * LOW HITPOINT WARNING * * *
Maurice zaps a wand.
The mass of ice explodes!
The iceblast engulfs you!
You die...

#.#......#
#......###
####.###
#.# #.#
#.# #.#
#####.###
#....@..#
#.###.#.#
#.#.# .@#
# .## ..
#. #.


You could see Maurice.

Vanquished Creatures
  A two-headed ogre (D:8)
  Pikel (D:5)
  4 centaur zombies
  Joseph (D:8)
  A gargoyle (D:6)
  An unseen horror (D:6)
  Prince Ribbit (D:7)
  A shadow (D:7)
  2 water moccasins
  2 black bears (D:6)
  2 orc warriors
  An ice beast (D:6)
  A sky beast (D:5)
  3 ogres
  A centaur (D:6)
  2 lemures (D:5)
  A kobold brigand (D:7)
  A bullfrog (D:5)
  2 wyvern zombies (D:8)
  A water moccasin skeleton (D:6)
  A wyvern skeleton (D:6)
  A water moccasin zombie (D:5)
  2 howler monkeys
  A bullfrog zombie (D:6)
  3 jellies
  A centaur skeleton (D:4)
  3 hounds
  An orc priest (D:8)
  2 bullfrog skeletons (D:6)
  An iguana (D:6)
  A scorpion zombie (D:5)
  5 orc wizards
  A hound skeleton (D:5)
  3 gnolls (D:4)
  2 howler monkey skeletons
  6 adders
  A shadow imp (D:8)
  2 white imps
  4 worms
  3 dart slugs
  15 orcs
  7 endoplasms
  9 hobgoblins
  2 jackals (D:5)
  13 kobolds
  4 quokkas
  3 ball pythons
  5 bats
  4 frilled lizards
  13 goblins
  5 rats
154 creatures vanquished.

Vanquished Creatures (others)
  545 foxfires
545 creatures vanquished.

Grand Total: 699 creatures vanquished

Notes
Turn   | Place    | Note
-------+----------+-------------------------------------------
     0 | D:1      | robertstho the Djinni Fire Elementalist began the quest for
                  | the Orb.
     0 | D:1      | Reached XP level 1. HP: 15/15 MP: 0/0
   302 | D:1      | Reached XP level 2. HP: 19/21 MP: 0/0
  1072 | D:1      | Reached skill level 3 in Spellcasting
  1198 | D:1      | Reached XP level 3. HP: 21/25 MP: 0/0
  1198 | D:1      | Learned a level 1 spell: Summon Small Mammal
  2270 | D:2      | Reached XP level 4. HP: 29/31 MP: 0/0
  2530 | D:2      | Found a faded altar of an unknown god.
  3505 | D:3      | Reached XP level 5. HP: 22/35 MP: 0/0
  3505 | D:3      | Learned a level 2 spell: Passwall
  3825 | D:4      | Reached skill level 4 in Spellcasting
  4119 | D:4      | Found a bloodstained altar of Trog.
  4121 | D:4      | Found a white marble altar of Elyvilon.
  4183 | D:4      | Reached XP level 6. HP: 37/40 MP: 0/0
  4194 | D:4      | Became a worshipper of Elyvilon the Healer
  4224 | D:4      | Found a staircase to the Ecumenical Temple.
  4520 | D:4      | Noticed an ogre
  4530 | D:4      | Killed an ogre
  4928 | D:4      | Reached skill level 1 in Invocations
  4990 | D:4      | Found a stormy altar of Qazlal.
  5217 | D:5      | Entered Level 5 of the Dungeon
  5225 | D:5      | Reached XP level 7. HP: 45/45 MP: 0/0
  5225 | D:5      | Learned a level 3 spell: Gell's Gravitas
  5246 | D:5      | Noticed Pikel
  5292 | D:5      | Reached skill level 5 in Spellcasting
  5545 | D:5      | Reached skill level 1 in Fighting
  5608 | D:5      | Reached XP level 8. HP: 47/52 MP: 0/0
  5622 | D:5      | Killed Pikel
  5623 | D:5      | Reached skill level 6 in Spellcasting
  5753 | D:5      | Reached XP level 9. HP: 48/58 MP: 0/0
  5753 | D:5      | Learned a level 4 spell: Olgreb's Toxic Radiance
  5757 | D:5      | Reached * piety under Elyvilon
  6125 | D:6      | Reached skill level 7 in Spellcasting
  6304 | D:6      | Reached skill level 1 in Short Blades
  6421 | D:6      | Reached ** piety under Elyvilon
  6466 | D:6      | Found a shimmering altar of Xom.
  6513 | D:6      | Found a large runed translucent door.
  6523 | D:6      | Found a large runed translucent door.
  6523 | D:6      | Noticed a komodo dragon
  6524 | D:6      | Noticed a six-headed hydra
  6529 | D:6      | Found a large runed translucent door.
  6529 | D:6      | Found a large runed translucent door.
  6586 | D:6      | Noticed an unseen horror
  6596 | D:6      | Killed an unseen horror
  6597 | D:6      | Reached skill level 8 in Spellcasting
  6763 | D:6      | Reached skill level 5 in Invocations
  6811 | D:6      | Noticed a gargoyle
  6817 | D:6      | Reached XP level 10. HP: 44/66 MP: 0/0
  6822 | D:6      | Killed a gargoyle
  6925 | D:7      | Found a broken altar of Ashenzari.
  6989 | D:7      | Noticed Prince Ribbit
  6998 | D:7      | Killed Prince Ribbit
  7508 | D:8      | Noticed Joseph
  7693 | D:8      | Killed Joseph
  7694 | D:8      | Reached skill level 9 in Spellcasting
  7778 | D:8      | Noticed a two-headed ogre
  7782 | D:8      | Killed a two-headed ogre
  7824 | D:8      | Noticed Maurice
  7830 | D:8      | Killed from afar by Maurice

Illustrated notes

Levels and vault maps discovered:
D:1:      dpeg_arrival_round_b, layout_loops_cross, roderic_roman_lattice
D:2:      layout_basic, shapermc_ecumenical_altar_mp_highgroup,
          kennysheep_generic_room_5
D:3:      layout_basic
D:4:      layout_loops_ring, grunt_qazlal_clouds,
          chequers_temple_overflow_statue_of_worship,
          minmay_temple_entry_crystal_x, minivault_5, kennysheep_generic_room_12
D:5:      layout_basic, hangedman_abyss_or_decor_stabs, uniq_pikel
D:6:      layout_basic, lemuel_doored_altar, minmay_hollow_rounded_squares
D:7:      layout_rooms, nicolae_ashenzari_skybound, uniq_prince_ribbit1
D:8:      layout_loops_cross, fedhas_altar_1, ebering_ghost_disaster_area,
          bh_walls_and_bars, uniq_maurice, uniq_gastronok, uniq_joseph,
          uniq_harold

Skill      XL: |  1  2  3  4  5  6  7  8  9 10 |
---------------+-------------------------------+-----
Spellcasting   | 3 4 5 6 8 9 |  9.2
Stealth        | 2 3 4 |  4.8
Invocations    | 1 2 3 5 6 |  6.3
Fighting       | 1 2 3 |  3.4
Dodging        | 3 4 |  4.8
Short Blades   | 1 |  1.5

Action                   |  1- 3 |  4- 6 |  7- 9 | 10-12 || total
-------------------------+-------+-------+-------+-------++-------
Melee: Dagger            |       |     1 |    15 |    20 ||    36
 Cast: Foxfire           |    84 |   131 |   130 |       ||   345
       Sticky Flame      |       |     2 |    26 |     8 ||    36
       Fireball          |       |       |     2 |    46 ||    48
Invok: Lesser Healing    |       |       |       |     3 ||     3
  Use: Scroll            |     1 |     3 |       |     1 ||     5
       Potion            |       |     3 |     1 |       ||     4
 Stab: Sleeping          |       |     1 |     1 |       ||     2
Armor: Robe              |     1 |     9 |    22 |     4 ||    36
Dodge: Dodged            |     7 |    20 |    50 |    21 ||    98

Table legend: (Time is in decaauts)
 A = Elapsed time spent in this place.
 B = Non-inter-level travel time spent in this place.
 C = Inter-level travel time spent in this place.
 D = Time resting spent in this place.
 E = Time spent auto-exploring this place.
 F = Levels seen in this place.
 G = Mean time per level.
                   A        B        C        D        E       F      G
               +--------+--------+--------+--------+--------+-----+--------+
         Total |   7808 |   7529 |    279 |    381 |   5962 |   8 |  976.0 |
       Dungeon |   7808 |   7529 |    279 |    381 |   5962 |   8 |  976.0 |
               +--------+--------+--------+--------+--------+-----+--------+

Top non-repeatable levels by time:
     D:1: 1586 daAuts
     D:3: 1326 daAuts
     D:4: 1242 daAuts
     D:2: 1143 daAuts
     D:6: 857 daAuts
     D:5: 748 daAuts
     D:7: 638 daAuts
     D:8: 266 daAuts
